 Dungeon Crawl Stone Soup version 0.29.1-15-g9cfb28693d (webtiles) character file.

Game seed: 14624408891929764676

1234 GigaChad the Chopper (level 8, -4/60 HPs)
             Began as a Demonspawn Gladiator on Mar 14, 2023.
             Slain by a gnoll
             ... wielding a +0 halberd
             ... led by a gnoll bouda
              (7 damage)
             ... on level 5 of the Dungeon.
             The game lasted 00:05:48 (5707 turns).

GigaChad the Chopper (Demonspawn Gladiator)         Turns: 5707, Time: 00:05:48

Health: -4/60      AC: 12    Str: 17    XL:     8   Next: 24%
Magic:  8/8        EV: 12    Int:  9    God:
Gold:   251        SH:  0    Dex: 15    Spells: 7/7 levels left

rFire   . . .      SeeInvis +   t - +2 war axe (flame)
rCold   . . .      Faith    .   (no shield)
rNeg    . . .      Spirit   .   p - +0 chain mail
rPois   .          Reflect  .   (helmet restricted)
rElec   .          Harm     .   u - +2 cloak {rCorr}
rCorr   +          Rampage  .   (no gloves)
Will    .....                   (no boots)
Stlth   ..........              (no amulet)
HPRegen 0.20/turn               m - ring of see invisible
MPRegen 0.22/turn               n - ring of resist corrosion

@: repel missiles
A: horns 1, repulsion field 3, foul stench 1, magic regeneration
a: no special abilities


You were on level 5 of the Dungeon.
You visited 1 branch of the dungeon, and saw 5 of its levels.

You collected 296 gold pieces.
You spent 45 gold pieces at shops.

Inventory:

Hand Weapons
 a - a +0 war axe
 t - a +2 war axe of flaming (weapon)
Missiles
 d - 3 throwing nets (quivered)
 e - 6 javelins
Armour
 b - a +0 leather armour
 c - a +0 helmet
 p - a +0 chain mail (worn)
 u - a +2 cloak of preservation (worn)
Jewellery
 m - a ring of see invisible (left hand)
 n - a ring of resist corrosion (right hand)
Scrolls
 i - a scroll of summoning {unknown}
 j - a scroll of enchant weapon {unknown}
 k - a scroll of teleportation
 l - 3 scrolls of identify
 q - a scroll of noise {unknown}
 w - a scroll of magic mapping {unknown}
Potions
 f - 3 potions of attraction {unknown}
 g - 2 potions of heal wounds {unknown}
 h - 2 potions of curing {unknown}
 o - a potion of might {unknown}
 r - 2 potions of mutation {unknown}
 s - a potion of degeneration {unknown}
 v - a potion of magic {unknown}
 x - a potion of ambrosia {unknown}


   Skills:
 * Level 4.2 Fighting
 + Level 7.3 Axes
 + Level 2.0 Throwing
 + Level 3.6 Armour
 * Level 3.6 Dodging
 * Level 0.7 Stealth


You had 7 spell levels left.
You didn't know any spells.
Your spell library was empty.

Dungeon Overview and Level Annotations

Branches:
Dungeon (5/15)
 Temple: D:4-7

Altars:

Shops:
D:1 (   D:2 [   D:4 *

Annotations:
D:4 2 transporters
D:5 Eustachio


Innate Abilities, Weirdness & Mutations

You have a pair of small horns on your head.
You are surrounded by a strong repulsion field. (EV +4, RMsl)
You may rarely emit foul miasma when damaged in melee.
You regenerate magic rapidly.


Message History

The gnoll barely misses you.
Eustachio gestures wildly while chanting.
Eustachio blinks!
The quokka bites you but does no damage.
You barely miss the quokka. The gnoll hits you but does no damage.
The quokka misses you.
You hit the quokka. You burn the quokka.
You kill the quokka!
The quokka's corpse disappears in a puff of smoke!
The gnoll barely misses you.
Eustachio mumbles some strange words.
Eustachio blinks!
You hit the ufetubus. You burn the ufetubus.
You kill the ufetubus!
The ufetubus disappears in a puff of smoke!
The gnoll hits you from afar with a +0 halberd. x2
* * * LOW HITPOINT WARNING * * *
The quasit bites you but does no damage.
The quasit closely misses you.
The quasit claws you but does no damage.
You miss the quasit. Your headbutt misses the quasit.
The quasit closely misses you. The quasit claws you.
* * * LOW HITPOINT WARNING * * *
The quasit claws you but does no damage.
The gnoll hits you from afar with a +0 halberd!
* * * LOW HITPOINT WARNING * * *
You barely miss the quasit. Your headbutt misses the quasit.
The quasit barely misses you. The quasit completely misses you.
The quasit claws you.
* * * LOW HITPOINT WARNING * * *
The gnoll hits you but does no damage.
The quasit bites you but does no damage.
The quasit barely misses you. x2
Eustachio gestures wildly while chanting.
Eustachio blinks!
You barely miss the quasit. Your headbutt misses the quasit.
The quasit bites you but does no damage.
The quasit closely misses you. The quasit barely misses you.
The gnoll hits you from afar with a +0 halberd!
You die...

##.....>.## #.....
#.........####...#####
+.........+...........
#.........####...#####
#.......# #..##
#.ยง.r.# ###.## #.g5#
#...# #5# #.### #@#
#.# #.# #.# ##@## #.#
##...## #.# ####.....#
#.# .........#####.#
######.....))..#
###########


You could see Eustachio, an iron imp (summoned), a quasit (summoned), a gnoll
and a river rat (summoned).

Vanquished Creatures
  A wyvern (D:5)
  Menkaure (D:5)
  Duvessa (D:4)
  A water moccasin (D:5)
  A phantom (D:5)
  2 scorpions
  Dowan (D:4)
  A howler monkey (D:4)
  A hound (D:5)
  A gnoll bouda (D:5)
  An orc priest (D:5)
  Terence (D:2)
  An iguana (D:2)
  4 orc wizards
  Natasha (D:2)
  8 adders
  5 gnolls
  2 worms (D:4)
  2 dart slugs
  20 orcs
  7 ball pythons
  9 endoplasms
  7 giant cockroaches
  6 hobgoblins
  2 quokkas
  2 bats (D:1)
  2 frilled lizards
  6 goblins
  7 kobolds
  3 rats (D:2)
107 creatures vanquished.

Vanquished Creatures (others)
  3 plants (D:3)
3 creatures vanquished.

Grand Total: 110 creatures vanquished

Notes
Turn   | Place    | Note
-------+----------+-------------------------------------------
     0 | D:1      | GigaChad the Demonspawn Gladiator began the quest for the
                  | Orb.
     0 | D:1      | Reached XP level 1. HP: 16/16 MP: 1/1
    80 | D:1      | Found Fialobin's Weapon Emporium.
   185 | D:1      | Reached skill level 3 in Axes
   185 | D:1      | Gained mutation: You are surrounded by a mild repulsion
                  | field. (EV +2) [demonic ancestry]
   185 | D:1      | Reached XP level 2. HP: 19/22 MP: 2/2
   837 | D:2      | Noticed Terence
   849 | D:2      | Killed Terence
   850 | D:2      | Gained mutation: You have a pair of small horns on your
                  | head. [demonic ancestry]
   850 | D:2      | Reached XP level 3. HP: 20/27 MP: 3/3
   982 | D:2      | Found a faded altar of an unknown god.
  1047 | D:2      | Gained mutation: You are surrounded by a moderate repulsion
                  | field. (EV +3) [demonic ancestry]
  1047 | D:2      | Reached XP level 4. HP: 29/33 MP: 4/4
  1124 | D:2      | Found Jaggups's Armour Shop.
  1134 | D:2      | Bought a +0 chain mail for 45 gold pieces
  1193 | D:2      | Reached skill level 1 in Armour
  1609 | D:2      | Noticed Natasha
  1615 | D:2      | Killed Natasha
  1616 | D:2      | Reached skill level 4 in Axes
  1851 | D:3      | Reached XP level 5. HP: 39/39 MP: 5/5
  2942 | D:4      | Noticed Duvessa
  2943 | D:4      | Noticed Dowan
  2963 | D:4      | Killed Duvessa
  2964 | D:4      | Reached skill level 5 in Axes
  2964 | D:4      | Gained mutation: You are surrounded by a strong repulsion
                  | field. (EV +4, RMsl) [demonic ancestry]
  2964 | D:4      | Reached XP level 6. HP: 6/47 MP: 6/6
  3400 | D:4      | Killed Dowan
  3535 | D:4      | Found a transporter.
  3557 | D:4      | Found a transporter.
  3603 | D:4      | Found Fiubynano's General Store.
  3610 | D:4      | Gained mutation: You may rarely emit foul miasma when
                  | damaged in melee. [demonic ancestry]
  3610 | D:4      | Reached XP level 7. HP: 47/52 MP: 7/7
  3990 | D:5      | Entered Level 5 of the Dungeon
  4023 | D:5      | Noticed a wyvern
  4030 | D:5      | Killed a wyvern
  4031 | D:5      | Reached skill level 6 in Axes
  4172 | D:5      | HP: 2/53 [orc wizard/puff of flame (9)]
  4849 | D:5      | Identified the +0 leather armour of Theory {*Corrode +Blink
                  | Will+ Regen+}
  4904 | D:5      | Noticed Menkaure
  4908 | D:5      | HP: 2/53 [Menkaure/nerve-wracking pain (13)]
  4909 | D:5      | Killed Menkaure
  4910 | D:5      | Reached skill level 7 in Axes
  4910 | D:5      | Gained mutation: You regenerate magic rapidly. [demonic
                  | ancestry]
  4910 | D:5      | Reached XP level 8. HP: 3/60 MP: 8/8
  5659 | D:5      | Noticed Eustachio
  5705 | D:5      | HP: 3/60 [gnoll/+0 halberd[a gnoll bouda] (13)]
  5707 | D:5      | Slain by a gnoll

Illustrated notes

Levels and vault maps discovered:
D:1:      sevenhm_arrival_forest_fort_large_2, layout_rooms, serial_shops,
          nicolae_shop_advertising_works [nicolae_subvault_shop_adworks],
          minmay_cupped
D:2:      layout_loops_cross, basic_altar,
          hellmonk_ecumenical_altar_arch_garden, serial_shops, shop,
          uniq_terence, uniq_natasha
D:3:      layout_basic, serial_forest, infiniplex_forest_straight_5,
          infiniplex_forest_straight_2, infiniplex_forest_clump_double,
          infiniplex_forest_pool, infiniplex_forest_lined_room_2,
          infiniplex_forest_corner_1, infiniplex_forest_lined_3_way,
          dreamdust_princess_bridge, minmay_misc_feat_tiny
D:4:      gammafunk_steamed_eel, layout_loops_ring, serial_shops, shop,
          uniq_duvessa
D:5:      layout_loops_corners, uniq_eustachio, uniq_menkaure

Skill      XL: |  1  2  3  4  5  6  7 |
---------------+----------------------+-----
Axes           | 3 4 5 7 |  7.3
Throwing       | 2 |  2.0
Dodging        | 3 |  3.6
Armour         | 1 2 3 |  3.6
Fighting       | 3 4 |  4.2
Stealth        | |  0.7

Action                   |  1- 3 |  4- 6 |  7- 9 || total
-------------------------+-------+-------+-------++-------
Melee: War axe           |   100 |   142 |   114 ||   356
       Punch             |     2 |     1 |     4 ||     7
       Headbutt          |     7 |    15 |    12 ||    34
  Use: Scroll            |       |     6 |       ||     6
       Potion            |       |     1 |       ||     1
Armor: Leather armour    |    35 |       |       ||    35
       Chain mail        |       |    70 |    58 ||   128
Dodge: Dodged            |    80 |    75 |   101 ||   256
